 Dungeon Crawl Stone Soup version 0.21-a0-421-gfc1ce30 (webtiles) character file.

358560 TheDeThijs the Hoplite (level 21, -6/229 HPs)
             Began as a Minotaur Berserker on Nov 3, 2017.
             Was the Champion of Trog.
             Killed by divine providence
             ... invoked by a sphinx
              (14 damage)
             ... on level 5 of the Vaults on Nov 4, 2017.
             The game lasted 03:14:57 (46070 turns).

TheDeThijs the Hoplite (Minotaur Berserker)        Turns: 46070, Time: 03:14:57

Health: -6/229     AC: 32    Str: 31    XL:     21   Next: 44%
Magic:  20/20      EV: 17    Int: 11    God:    Trog [******]
Gold:   2372       SH: 30    Dex: 18    Spells: 20/20 levels left

rFire    . . .     SeeInvis .   D - +6 war axe "Jishac" {flame, MR+}
rCold    . . .     Gourm    .   N - +0 large shield {rPois}
rNeg     + . .     Faith    .   Z - +1 plate armour of the Swamp {-Cast rCorr Int+7}
rPois    +         Spirit   .   (helmet unavailable)
rElec    +         Reflect  +   M - scarf {cloud immunity}
rCorr    +         Harm     .   c - +2 pair of gloves {Str+3}
MR       ++...     NoCast   +   C - +1 pair of boots
Stlth    ..........             w - +3 amulet of reflection
HPRegen  0.48/turn              G - ring of Pueschaagh {rElec rPois rN+ Dex+4}
MPRegen  0.17/turn              R - +4 ring of protection

@: about to teleport, berserk cooldown, very slightly contaminated, slowed,
invisible, very slow
A: retaliatory headbutt, horns 3, talons 1, thin metallic scales 1, robust 1
}: 2/15 runes: decaying, serpentine
a: Berserk, Trog's Hand, Brothers in Arms, Burn Spellbooks, Renounce Religion


You were on level 5 of the Vaults.
You worshipped Trog.
Trog was exalted by your worship.
You were not hungry.

You visited 7 branches of the dungeon, and saw 37 of its levels.
You also visited: Volcano.

You collected 4326 gold pieces.
You spent 1954 gold pieces at shops.

Inventory:

Hand Weapons
 b - a +4 antimagic eveningstar
 D - the +6 war axe "Jishac" (weapon) {flame, MR+}
   (You found it on level 7 of the Dungeon)

   It has been specially enchanted to burn those struck by it, causing extra
   injury to most foes and up to half again as much damage against particularly
   susceptible opponents.
   Big, fiery blades are also staple armaments of hydra-hunters.
   It affects your resistance to hostile enchantments.
Armour
 c - a +2 pair of gloves of strength (worn)
 C - a +1 pair of boots (worn)
 M - a scarf of cloud immunity (worn)
 N - a +0 large shield of poison resistance (worn)
 Z - the +1 plate armour of the Swamp (worn) {-Cast rCorr Int+7}
   (You found it on level 12 of the Dungeon)

   It affects your intelligence (+7).
   It prevents spellcasting.
   It protects you from acid and corrosion.
Jewellery
 w - a +3 amulet of reflection (around neck)
 G - the ring of Pueschaagh (left hand) {rElec rPois rN+ Dex+4}
   (You bought it in a shop on level 9 of the Dungeon)

   [ring of positive energy]

   It affects your dexterity (+4).
   It insulates you from electricity.
   It protects you from poison.
   It protects you from negative energy.
 R - a +4 ring of protection (right hand)
Wands
 m - a wand of confusion (23/48)
 s - a wand of paralysis (10/24)
 B - a wand of iceblast (5/15)
 O - a wand of lightning (14/15)
 Q - a wand of flame (16/48)
 W - a wand of confusion (28/48)
Scrolls
 e - 10 scrolls of identify
 f - 6 scrolls of enchant armour
 g - 13 scrolls of remove curse
 j - a scroll of fear
 n - 6 scrolls of recharging
 v - 10 scrolls of teleportation
 A - a scroll of enchant weapon
 I - 2 scrolls of fog
Potions
 d - 4 potions of magic
 h - 4 potions of haste
 l - 6 potions of curing
 o - a potion of invisibility
 p - 5 potions of agility
 r - a potion of ambrosia
 u - 5 potions of flight
 x - a potion of berserk rage
Comestibles
 q - 17 royal jellies
 F - 18 bread rations


   Skills:
 + Level 22.5 Fighting
 - Level 14.1(16.2) Axes
 - Level 14.0(16.2) Maces & Flails
 + Level 19.6 Armour
 * Level 12.1 Dodging
 - Level 25.0 Shields
 - Level 0.2 Evocations


You had 20 spell levels left.
You didn't know any spells.

Dungeon Overview and Level Annotations

Branches:
Dungeon (15/15)            Temple (0/1) D:4            Lair (6/6) D:8
  Swamp (4/4) Lair:2        Snake (4/4) Lair:2        Slime (0/5) Lair:5
    Orc (2/2) D:9             Elf (1/3) Orc:2        Vaults (5/5) D:14
  Crypt (0/3) Vaults:3     Depths (0/5) D:15

Altars:
Kikubaaqudgha
Okawaru
Qazlal
Sif Muna
Yredelemnul
Zin
The Shining One
Beogh

Shops:
D:4 **   D:6 :   D:8 *   D:9 [=%?(   D:10 (   D:13 }   Orc:2 *:}*
Snake:2 :!}[   Snake:3 :![   Snake:4 *   Vaults:1 [*   Vaults:3 (

Portals:
Trove: D:10 (show abyssal rune of Zot)

Annotations:
D:15 1 runed door
Lair:2 2 exclusions
Lair:4 exclusion: 3 oklob plants


Innate Abilities, Weirdness & Mutations

You reflexively headbutt those who attack you in melee.
You have a pair of large horns on your head.
You have sharp toenails.
You are partially covered in thin metallic scales. (AC +2)
You are robust. (+10% HP)


Message History

You block the ettin's attack. The ettin barely misses you.
You block the phantasmal warrior's attack.
The Tzitzimitl engulfs you but does no damage.
You block the Tzitzimitl's attack.
Blink to where?
Press: ? - help, Dir - move target cursor You are very lightly contaminated with residual magic.
As you read the scroll of blinking, it crumbles to dust.
The sphinx casts a spell.
Something smites you!
* * * LOW HITPOINT WARNING * * *
Unknown command.
You fade into invisibility!
The sphinx mumbles some strange words.
The sphinx is healed somewhat.
The phantasmal warrior blinks!
As you read the scroll of teleportation, it crumbles to dust.
You feel strangely unstable.
The sphinx mumbles some strange words.
Something smites you!
You die...

#..#....# ####..#....# #.
......#....#..#
..............#
##############))4.....##
...............)3<<.....
.............e.)e).<....
............2W3143<.....
.......@...ยง1H1.p.......
##############C.......##
........... ...#....#.##
##..#....#+# #..#....#
#..#....# #..# ...#


You could see 2 Tzitzimimeh, a sphinx, a reaper, an ettin, a deep elf
demonologist, a phantasmal warrior and a neqoxec.

Vanquished Creatures
  Vashnia (Snake:4)
  Jorgrun (Snake:2)
  A tentacled monstrosity (Vaults:4)
  Kirke (D:12)
  Roxanne (Snake:2)
  Frances (Swamp:2)
  A tengu reaver (Vaults:4)
  4 thorn hunters
  3 fire giants
  Donald (Swamp:2)
  8 nagarajas
  3 frost giants
  3 deep elf sorcerers
  11 vault wardens
  2 war gargoyles
  4 very ugly things
  A ghoul (Swamp:1)
  2 entropy weavers
  14 ironheart preservers
  8 stone giants
  The ghost of p0werm0de the Martial Artist, a journeyman OpIE of Uskayaw (Swamp:4)
  A deep elf demonologist (Vaults:4)
  A deep elf death mage (Vaults:3)
  Snorg (Lair:5)
  2 green deaths (Snake:3)
  An ettin (Vaults:4)
  Erolcha (D:10)
  7 yaktaur captains
  2 fire dragons (Vaults:4)
  33 vault guards
  2 ghost crabs
  4 ice dragons
  15 naga warriors
  Harold (D:10)
  A great orb of eyes (Vaults:4)
  3 death knights
  16 hydras
  34 two-headed ogres
  10 anacondas
  9 ogre magi
  11 centaur warriors
  2 deep troll earth magi (Vaults:4)
  14 alligators
  12 naga sharpshooters
  3 shock serpents
  A titan skeleton (Vaults:4)
  2 shadow wraiths (Vaults:4)
  7 deep elf knights
  A fire crab (shapeshifter) (Vaults:3)
  4 salamander mystics
  7 skeletal warriors
  2 spriggan druids
  3 glowing orange brains
  5 unseen horrors
  14 sea snakes
  7 naga ritualists
  6 swamp dragons
  9 deep trolls
  A shambling mangrove (Swamp:3)
  3 deep elf archers
  2 flayed ghosts
  6 harpies
  Pikel (D:5)
  11 wizards
  15 ironbrand convokers
  A phantasmal warrior (Vaults:3)
  3 necromancers
  A lindwurm (Lair:6)
  2 manticores
  17 orc knights
  An oklob plant (Lair:5)
  3 wolf spiders
  10 mana vipers
  33 ugly things
  9 deep elf magi
  12 salamanders
  8 cyclopes
  A salamander (shapeshifter) (D:13)
  2 orc sorcerers
  A human zombie (Vaults:4)
  A frost giant skeleton (Vaults:4)
  5 centaur zombies
  A stone giant skeleton (Vaults:4)
  Maurice (D:10)
  15 vault sentinels
  8 guardian serpents
  17 naga magi
  2 molten gargoyles (D:14)
  21 elephants
  The ghost of Autsider the Geomancer, a novice GrEE of Vehumet (D:6)
  33 black mambas
  22 spiny frogs
  3 gargoyles
  2 komodo dragons
  2 kobold demonologists (D:12)
  11 freezing wraiths
  10 yaktaurs
  2 efreet
  A harpy zombie (D:15)
  6 trolls
  7 polar bears
  5 tyrant leeches
  14 hornets
  2 trolls (shapeshifter)
  11 bog bodies
  46 slime creatures
  24 blink frogs
  13 hippogriffs
  9 dream sheep (Lair:6)
  Sigmund (D:2)
  5 redbacks
  A tarantella (Vaults:1)
  A centaur simulacrum (D:12)
  2 vampires
  6 shadows
  2 wraiths (D:14)
  17 spriggans
  4 wyverns
  6 basilisks
  A fire elemental (Volcano)
  A human (shapeshifter) (Vaults:3)
  22 humans
  51 yaks
  A hungry ghost (D:13)
  A yak (shapeshifter) (D:14)
  A steam dragon (D:15)
  10 hogs
  8 vampire mosquitoes
  3 swamp worm simulacra (Swamp:4)
  A warg (shapeshifter) (Vaults:2)
  6 insubstantial wisps
  58 nagas
  5 wargs
  21 swamp worms
  15 hydra simulacra (Swamp:4)
  An acid dragon (D:15)
  4 porcupines
  5 sky beasts
  11 water moccasins
  8 ice beasts
  8 swamp drakes
  4 black bears
  52 orc warriors
  An eye of draining (D:11)
  4 necrophages (Swamp:1)
  17 wolves
  2 phantoms
  22 centaurs
  25 ogres
  7 boggarts
  11 crocodiles
  5 big kobolds
  24 bullfrogs
  4 scorpions
  A water moccasin skeleton (D:7)
  A hornet simulacrum (Vaults:1)
  9 killer bees
  8 wights (D:8)
  3 electric eels
  8 howler monkeys
  A bullfrog zombie (D:7)
  9 crimson imps
  A quasit (D:11)
  7 centaur skeletons
  9 hounds
  3 jellies
  27 orc priests
  A gnoll shaman (D:8)
  17 orc wizards
  3 bullfrog skeletons
  Natasha (thrice) (D:2)
  5 iguanas
  9 worker ants
  A killer bee zombie (D:9)
  A hound skeleton (D:11)
  A howler monkey zombie (D:7)
  A worker ant zombie (D:5)
  20 gnolls
  A howler monkey skeleton (D:7)
  12 adders
  A river rat (D:14)
  3 shadow imps
  5 swamp drake simulacra (Swamp:4)
  2 adder skeletons
  An adder zombie (D:6)
  4 worms
  A dart slug (D:1)
  13 leopard geckos
  94 orcs
  10 bats
  6 giant cockroaches
  7 hobgoblins
  7 jackals
  3 quokkas
  7 ball pythons
  A frilled lizard (D:3)
  5 goblins
  12 kobolds
  3 quokka skeletons
  4 rats
  13 briar patches
  5 plants
1598 creatures vanquished.

Vanquished Creatures (collateral kills)
  Nikola (Swamp:4)
  A titan (Vaults:5)
  A stone giant (Vaults:2)
  A great orb of eyes (Vaults:1)
  A centaur warrior (Vaults:1)
  2 naga sharpshooters (Snake:4)
  A shock serpent (Snake:4)
  A harpy (shapeshifter) (D:15)
  A slime creature (Vaults:1)
  3 naga magi
  A gargoyle (Volcano)
  An insubstantial wisp (Swamp:4)
  3 nagas (Snake:3)
  An ogre (Vaults:1)
  An orc priest (Vaults:1)
  3 orcs
23 creatures vanquished.

Vanquished Creatures (others)
  An azure jelly (Swamp:4)
  A nagaraja (Snake:4)
  3 naga sharpshooters (Snake:4)
  A deep elf knight (Vaults:4)
  6 yaktaurs
  A tyrant leech (Swamp:4)
  2 nagas (Snake:4)
  A swamp drake (Swamp:4)
  3 centaurs
  6 briar patches
  4 fungi
  28 plants
57 creatures vanquished.

Grand Total: 1678 creatures vanquished

Notes
Turn   | Place    | Note
-------+----------+-------------------------------------------
     0 | D:1      | TheDeThijs the Minotaur Berserker began the quest for the Orb.
     0 | D:1      | Reached XP level 1. HP: 19/19 MP: 0/0
   371 | D:1      | Reached XP level 2. HP: 19/27 MP: 1/1
   910 | D:1      | Reached XP level 3. HP: 29/33 MP: 2/2
  1672 | D:2      | Reached skill level 5 in Maces & Flails
  1676 | D:2      | HP: 2/49 [poisoned by an adder]
  1774 | D:2      | Noticed Natasha
  1778 | D:2      | Killed Natasha
  1778 | D:2      | Reached XP level 4. HP: 16/40 MP: 3/3
  1786 | D:2      | Noticed Natasha
  2063 | D:2      | Killed Natasha
  2082 | D:2      | Noticed a bullfrog
  2089 | D:2      | Killed a bullfrog
  2089 | D:2      | Reached ** piety under Trog
  2089 | D:2      | Reached XP level 5. HP: 29/46 MP: 4/4
  2101 | D:2      | Noticed Sigmund
  2119 | D:2      | Noticed Natasha
  2640 | D:2      | Killed Sigmund
  2640 | D:2      | Reached XP level 6. HP: 52/52 MP: 5/5
  2652 | D:2      | Killed Natasha
  2846 | D:2      | Upgraded the game from 0.21-a0-417-g0adc95b to 0.21-a0-421-gfc1ce30
  3092 | D:3      | HP: 1/52 [gnoll/halberd (5)]
  3110 | D:3      | Gained mutation: Armour fits poorly on your strangely shaped body. [potion of mutation]
  3110 | D:3      | Gained mutation: You have sharp toenails. [potion of mutation]
  3110 | D:3      | Gained mutation: You are partially covered in molten scales. (AC +2) [potion of mutation]
  3110 | D:3      | Gained mutation: You are partially covered in thin metallic scales. (AC +2) [potion of mutation]
  3749 | D:3      | Found an iron altar of Okawaru.
  3897 | D:4      | Reached XP level 7. HP: 41/59 MP: 3/6
  4110 | D:4      | Found Pisheuza's Assorted Antiques.
  4371 | D:4      | Found a staircase to the Ecumenical Temple.
  4380 | D:4      | Found Falamul's Elemental Accessories.
  4866 | D:4      | Reached skill level 10 in Maces & Flails
  4924 | D:5      | Entered Level 5 of the Dungeon
  5253 | D:5      | Reached skill level 1 in Shields
  5265 | D:5      | Got a scorched plate armour
  5266 | D:5      | Identified the +0 plate armour of Ulegryniu {Str+2} (You found it on level 5 of the Dungeon)
  5361 | D:5      | Reached *** piety under Trog
  5613 | D:6      | Noticed Autsider's ghost (novice GrEE)
  5913 | D:6      | Found Usintofur's Book Emporium.
  6419 | D:6      | Killed Autsider's ghost
  6419 | D:6      | Reached XP level 8. HP: 66/66 MP: 5/7
  6625 | D:6      | Noticed Pikel
  6649 | D:5      | Killed Pikel
  6649 | D:5      | Reached skill level 2 in Shields
  6651 | D:5      | Reached XP level 9. HP: 60/71 MP: 4/8
  7100 | D:7      | Got a jewelled war axe
  7101 | D:7      | Identified the +6 war axe "Jishac" {flame, MR+} (You found it on level 7 of the Dungeon)
  7189 | D:7      | Reached skill level 1 in Axes
  7189 | D:7      | Reached skill level 3 in Shields
  7240 | D:7      | Reached skill level 4 in Shields
  7243 | D:7      | Reached skill level 5 in Axes
  7369 | D:7      | Reached **** piety under Trog
  7879 | D:7      | Noticed a two-headed ogre
  7885 | D:7      | Killed a two-headed ogre
  7885 | D:7      | Reached XP level 10. HP: 39/78 MP: 4/9
  8168 | D:8      | Found Zin's Purification Station.
  8168 | D:8      | Found a glowing silver altar of Zin.
  8247 | D:8      | Reached skill level 10 in Axes
  8363 | D:8      | Reached ***** piety under Trog
  8371 | D:8      | Found a stormy altar of Qazlal.
  8452 | D:8      | Found a staircase to the Lair.
  8674 | D:8      | Noticed a two-headed ogre
  8679 | D:8      | Killed a two-headed ogre
  8843 | Lair:1   | Entered Level 1 of the Lair of Beasts
  8849 | Lair:1   | Noticed a spiny frog
  8861 | Lair:1   | Killed a spiny frog
  8993 | Lair:1   | Found a dark tunnel.
  8999 | Volcano  | Entered a volcano
  9103 | Volcano  | Noticed a gargoyle
  9113 | Volcano  | Killed a gargoyle
  9137 | Volcano  | Noticed a gargoyle
  9145 | Volcano  | Killed a gargoyle
  9145 | Volcano  | Reached XP level 11. HP: 11/84 MP: 2/10
 10737 | Lair:2   | Found a staircase to the Snake Pit.
 10937 | Lair:2   | Reached skill level 5 in Fighting
 10937 | Lair:2   | Reached skill level 5 in Armour
 12346 | Lair:2   | Found a staircase to the Swamp.
 12499 | Lair:3   | Received a gift from Trog
 12499 | Lair:3   | Reached XP level 12. HP: 97/97 MP: 11/11
 12719 | Lair:3   | Reached skill level 10 in Armour
 13263 | Lair:4   | Noticed an eight-headed hydra
 13275 | Lair:4   | Killed a four-headed hydra
 14006 | Lair:5   | Lost mutation: You are partially covered in molten scales. (AC +2) [potion of mutation]
 14006 | Lair:5   | Lost mutation: Armour fits poorly on your strangely shaped body. [potion of mutation]
 14006 | Lair:5   | Gained mutation: Scrolls take you a little longer to read. [potion of mutation]
 14006 | Lair:5   | Gained mutation: You are robust. (+10% HP) [potion of mutation]
 14006 | Lair:5   | Lost mutation: Scrolls take you a little longer to read. [potion of mutation]
 14006 | Lair:5   | Gained mutation: You have a pair of large horns on your head. [potion of mutation]
 14541 | Lair:5   | Reached skill level 10 in Fighting
 14592 | Lair:5   | Found a staircase to the Slime Pits.
 14628 | Lair:5   | Noticed Snorg
 14635 | Lair:5   | Killed Snorg
 14702 | Lair:5   | Noticed a six-headed hydra
 14709 | Lair:5   | Noticed a catoblepas
 14709 | Lair:5   | Killed a four-headed hydra
 15079 | Lair:5   | Noticed a five-headed hydra
 15085 | Lair:5   | Killed a three-headed hydra
 15085 | Lair:5   | Reached XP level 13. HP: 109/125 MP: 10/12
 15241 | Lair:6   | Entered Level 6 of the Lair of Beasts
 15857 | Lair:6   | Received a gift from Trog
 16339 | Lair:6   | Received a gift from Trog
 16340 | Lair:6   | Got a brightly glowing hand axe {god gift}
 16746 | Lair:6   | Reached skill level 15 in Armour
 17857 | D:8      | Received a gift from Trog
 17886 | D:9      | Reached XP level 14. HP: 104/141 MP: 10/13
 17916 | D:9      | Found a staircase to the Orcish Mines.
 17938 | Orc:1    | Entered Level 1 of the Orcish Mines
 18290 | Orc:2    | Entered Level 2 of the Orcish Mines
 19568 | Orc:1    | Reached ****** piety under Trog
 20013 | Orc:2    | Reached skill level 5 in Dodging
 20073 | Orc:2    | Found a staircase to the Elven Halls.
 20161 | Orc:2    | Found a roughly hewn altar of Beogh.
 20232 | Orc:2    | Found Kys Vuud's Book Emporium.
 20232 | Orc:2    | Found Saromiug's Gadget Shop.
 20234 | Orc:2    | Found Kuevy's General Store.
 20236 | Orc:2    | Found Xumily's Assorted Antiques.
 20248 | Orc:2    | Bought a scroll labeled FAMIBREGEO for 30 gold pieces
 20248 | Orc:2    | Bought a pair of runed boots for 225 gold pieces
 20440 | Orc:2    | Found a roughly hewn altar of Beogh.
 20594 | Elf:1    | Entered Level 1 of the Elven Halls
 20986 | D:4      | Bought a runed buckler for 187 gold pieces
 21181 | D:9      | Found Cize's Food Emporium.
 21229 | D:9      | Found Yraezowy's Antique Weapon Shoppe.
 21440 | D:9      | Found Tuabbecw's Antique Armour Boutique.
 21446 | D:9      | Found Aconi's Jewellery Emporium.
 21469 | D:9      | Bought a +3 amulet of reflection for 235 gold pieces
 21469 | D:9      | Bought the ring of Pueschaagh {rElec rPois rN+ Dex+4} for 699 gold pieces
 21555 | D:9      | Found Nyuqok's Magic Scroll Emporium.
 21647 | D:9      | Found a deep blue altar of Sif Muna.
 21681 | D:10     | Entered Level 10 of the Dungeon
 21725 | D:10     | Noticed Maurice
 21731 | D:10     | Killed Maurice
 21853 | D:10     | Noticed Erolcha
 21864 | D:10     | Killed Erolcha
 21870 | D:10     | Found Riuruima's Weapon Shop.
 22187 | D:10     | Noticed Harold
 22210 | D:10     | Killed Harold
 22219 | D:10     | Received a gift from Trog
 22356 | D:10     | Found a portal to a secret trove of treasure.
 22585 | D:11     | Found a stormy altar of Qazlal.
 22887 | D:11     | Reached skill level 5 in Shields
 23179 | D:12     | Got a faintly humming plate armour
 23201 | D:12     | Identified the +1 plate armour of the Swamp {-Cast rCorr Int+7} (You found it on level 12 of the Dungeon)
 23661 | D:12     | Reached skill level 15 in Fighting
 23880 | D:12     | Reached skill level 6 in Shields
 24018 | D:12     | Received a gift from Trog
 24025 | D:12     | Reached XP level 15. HP: 155/155 MP: 14/14
 24038 | D:12     | Noticed Kirke
 24045 | D:12     | Killed Kirke
 24330 | D:13     | Found Idifeib's Gadget Emporium.
 24931 | D:14     | Reached skill level 7 in Shields
 25058 | D:14     | Received a gift from Trog
 25696 | D:14     | Found a gate to the Vaults.
 25709 | D:14     | Reached skill level 8 in Shields
 25843 | D:15     | Entered Level 15 of the Dungeon
 26051 | D:15     | Found a glowing golden altar of the Shining One.
 26058 | D:15     | Found a runed door.
 26387 | D:15     | Found a staircase to the Depths.
 26397 | D:15     | Noticed a fire giant
 26709 | D:15     | Killed a fire giant
 27001 | Snake:1  | Entered Level 1 of the Snake Pit
 27014 | Snake:1  | Reached XP level 16. HP: 141/170 MP: 15/15
 27020 | Lair:2   | Reached skill level 9 in Shields
 27021 | Lair:2   | Received a gift from Trog
 28209 | Snake:2  | Reached skill level 10 in Shields
 28666 | Snake:2  | Reached skill level 10 in Dodging
 28778 | Snake:2  | Received a gift from Trog
 28941 | Snake:2  | Noticed Roxanne
 28965 | Snake:2  | Killed Roxanne
 28981 | Snake:2  | Found Bashrept's Antique Armour Emporium.
 28982 | Snake:2  | Found Zeiklye's Gadget Emporium.
 28982 | Snake:2  | Found Boguryej's Distillery.
 28988 | Snake:2  | Found Lataoc's Book Shoppe.
 29516 | Snake:3  | Reached skill level 11 in Shields
 29591 | Snake:3  | Found Efawetow's Book Shoppe.
 29596 | Snake:3  | Found Bovuutz's Distillery.
 29617 | Snake:3  | Found Awos's Armour Shoppe.
 29623 | Snake:3  | Bought a +2 pair of gloves of strength for 322 gold pieces
 29695 | Snake:3  | Noticed Jorgrun
 29728 | Snake:2  | Killed Jorgrun
 30122 | Snake:2  | Reached skill level 12 in Shields
 30379 | Snake:3  | Received a gift from Trog
 30455 | Snake:3  | Found a runed door.
 30503 | Snake:3  | Reached XP level 17. HP: 91/181 MP: 16/16
 30512 | Snake:3  | Reached skill level 13 in Shields
 30876 | Snake:3  | Bought a potion of curing for 48 gold pieces
 30876 | Snake:3  | Bought a potion of curing for 48 gold pieces
 30876 | Snake:3  | Bought 2 potions of heal wounds for 160 gold pieces
 30901 | Snake:4  | Entered Level 4 of the Snake Pit
 31260 | Snake:4  | Reached skill level 14 in Shields
 31270 | Snake:4  | Noticed Vashnia
 31856 | Snake:3  | Received a gift from Trog
 31906 | Snake:4  | Reached skill level 15 in Shields
 32573 | Snake:4  | Reached skill level 16 in Shields
 32582 | Snake:4  | Killed Vashnia
 32988 | Snake:4  | Found Imaschist's Incredible Inventory.
 33084 | Snake:4  | Reached skill level 17 in Shields
 34122 | Snake:4  | Got a serpentine rune of Zot
 34524 | Swamp:1  | Entered Level 1 of the Swamp
 34567 | Swamp:1  | Reached XP level 18. HP: 107/190 MP: 17/17
 34691 | Swamp:1  | Received a gift from Trog
 34711 | Swamp:1  | Identified a scroll of acquirement
 34786 | Swamp:1  | Reached skill level 18 in Shields
 35425 | Swamp:2  | Noticed Frances
 35432 | Swamp:2  | Killed Frances
 35713 | Swamp:2  | Noticed Donald
 35721 | Swamp:2  | Killed Donald
 36291 | Swamp:3  | Reached skill level 19 in Shields
 36760 | Swamp:4  | Entered Level 4 of the Swamp
 36802 | Swamp:4  | Noticed p0werm0de's ghost (journeyman OpIE)
 36811 | Swamp:4  | Received a gift from Trog
 36831 | Swamp:4  | Killed p0werm0de's ghost
 37257 | Swamp:4  | Got a decaying rune of Zot
 37399 | Swamp:4  | Noticed Nikola
 37422 | Swamp:4  | Killed Nikola
 37422 | Swamp:4  | Reached skill level 20 in Shields
 37890 | Vaults:1 | Entered Level 1 of the Vaults
 37906 | Vaults:1 | Received a gift from Trog
 38254 | Vaults:1 | Paralysed by a great orb of eyes for 6 turns
 38625 | Vaults:1 | Reached XP level 19. HP: 185/201 MP: 18/18
 38831 | Vaults:1 | Received a gift from Trog
 38990 | Vaults:1 | Paralysed by an ogre mage for 5 turns
 39374 | Vaults:1 | Found Qofop's General Store.
 39627 | Vaults:1 | Found Fenif's Armour Shop.
 40883 | Vaults:2 | Received a gift from Trog
 42338 | Vaults:3 | Received a gift from Trog
 42338 | Vaults:3 | Reached skill level 21 in Shields
 42543 | Vaults:3 | Reached XP level 20. HP: 181/217 MP: 19/19
 42929 | Vaults:3 | Found a staircase to the Crypt.
 42929 | Vaults:3 | Found an ancient bone altar of Kikubaaqudgha.
 42930 | Vaults:3 | Found a basalt altar of Yredelemnul.
 43084 | Vaults:3 | Reached skill level 22 in Shields
 43088 | Vaults:3 | Received a gift from Trog
 43276 | Vaults:3 | Found Xiexzom's Antique Weapon Emporium.
 43663 | Vaults:3 | Reached skill level 23 in Shields
 44118 | Vaults:4 | Received a gift from Trog
 44647 | Vaults:4 | Reached skill level 24 in Shields
 44761 | Vaults:4 | Received a gift from Trog
 45149 | Vaults:4 | Reached XP level 21. HP: 227/227 MP: 20/20
 45735 | Vaults:4 | Received a gift from Trog
 46004 | Vaults:5 | Entered Level 5 of the Vaults
 46031 | Vaults:5 | Reached skill level 25 in Shields
 46068 | Vaults:5 | HP: 7/229 [sphinx/divine providence (11)]
 46070 | Vaults:5 | Killed from afar by a sphinx

Vault maps used:
D:1:      lightli_molten_gateway
D:2:      minmay_misc_feat_nine_boxes, uniq_natasha, uniq_sigmund
D:3:      okawaru_trees_1, serial_co_window_serial, co_window_paths_b,
          co_window_of_opportunity_a, co_window_corner_a, co_window_corner_a,
          co_window_cross_1, co_window_broadway_c, co_window_paths_c,
          co_window_corner_cb, co_window_of_opportunity_b, glass_columns_a,
          glass_columns_a, glass_columns_b, first_bread, st_stairs_8
D:4:      minmay_temple_entry_trees, serial_shops, shop, nicolae_elemental_shop
D:6:      serial_shops, shop, uniq_pikel
D:7:      grunt_livestock
D:8:      zin_purify, nicolae_qazlal_eye_of_the_storm,
          grunt_lair_entry_orc_guard_hut
D:9:      tgw_sif, david_orc_4, serial_shops, nicolae_shop_crystal, shop_statue,
          shop, shop_fountains, shop
D:10:     enter_trove_6, serial_shops, nicolae_shop_behind_doors, uniq_maurice,
          uniq_harold, uniq_erolcha
D:11:     basic_altar, patterned_corridor
D:12:     cheibrodos_wizards_tower, uniq_kirke
D:13:     serial_shops, shop_coins, minmay_misc_feat_roman, minmay_misc_feat_chi
D:14:     grunt_vaults_entry_tiered, dk_noncrumbling_3, kennysheep_diamond, pond
D:15:     grunt_enter_depths_giant_problem, serial_bayou_pond_c,
          lemuel_angel_altar
Lair:1:   nicolae_volcano_entry_two_sided, grunt_megastairs_5
Lair:2:   nicolae_swamp_entry_splash_gauntlet, guppyfry_snake_entry_garden,
          lemuel_fruit_tree
Lair:3:   nzn_random_ring, infiniplex_staircase_pool
Lair:4:   minmay_lair_oklob_chamber, lemuel_fruit_fields
Lair:5:   minmay_slime_entry_oklob_enclosed, uniq_snorg
Lair:6:   minmay_lair_end_enchanted_forest, st_stairs_5, grunt_megastairs_2
Swamp:1:  evilmike_swamp_ruin_house_3, swamp_pool1, hangedman_swamp_ravenous
Swamp:2:  evilmike_swamp_ruin_wall, uniq_frances, uniq_donald
Swamp:3:  evilmike_swamp_ruin_house_4
Swamp:4:  swamp_icy, uniq_nikola
Snake:1:  hangedman_snake_corridor_cut
Snake:2:  nrook_loot_triangle, stair_cage_line, grunt_ministairs_1,
          minmay_shoptagon, uniq_roxanne
Snake:3:  cheibrodos_toxic_ritual, minmay_shop_star, uniq_jorgrun
Snake:4:  minmay_snake_end_coiled, nicolae_alphabet_shops, stair_cage_line,
          serial_bayou_shore_a, uniq_vashnia
Orc:1:    nicolae_orc_flooded_monolith
Orc:2:    st_orc_rangers, basic_altar, minmay_orc_temple_b
Elf:1:    minmay_elf_arrival_summoners, kennysheep_underground_church,
          hangedman_corner_corridor
Vaults:1: nicolae_vaults_puzzle_piece, grunt_vaults_swirl,
          ontoclasm_vaults_shuriken, hangedman_vaults_hat, vaults_room_fours,
          serial_shops, shop_fountains, shop
Vaults:2: hangedman_vaults_stagger, nicolae_vaults_little_squares_3,
          vaults_room_hangedman_quadrants, hangedman_vaults_impose, v_misc_27,
          v_misc_16, v_misc_1, v_misc_15, v_misc_3, v_misc_33
Vaults:3: v_alt_pattern_4, minmay_crypt_entry_necro_gods,
          vaults_standard_mumra_enter_the_diamond, v_pattern_4,
          hangedman_vaults_river_flow, vaults_dpeg_doors,
          hangedman_vaults_stretched_pinwheel, dpeg_vaults_monster_box,
          nicolae_vaults_border_crossing, vaults_room_grunt_arrival_ludios,
          ontoclasm_vaults_idyll, vaults_room_guarded_vault, serial_shops, shop
Vaults:4: kb_rosetta, vaults_mumra_minichess, nicolae_vaults_angled_halls,
          nicolae_vaults_circle_grid_a, v_misc_19,
          nicolae_vaults_network_quincunx, ontoclasm_vaults_spin,
          hangedman_vaults_cutoff, ontoclasm_vaults_misaligned,
          nicolae_vaults_arrows, v_misc_15, vaults_dpeg_ring,
          nicolae_vaults_angled_halls
Vaults:5: serial_shops, uniq_mennas
Volcano:  volcano_overflow

Skill      XL: |  1  2  3  4  5  6  7  8  9 10 11 12 13 14 15 16 17 18 19 20 21 |
---------------+----------------------------------------------------------------+-----
Fighting       | 4 6 10 13 15 17 18 19 21 22 | 22.5
Maces & Flails | 4 5 6 8 9 11 13 14 | 14.0
Dodging        | 3 6 9 10 11 12 | 12.1
Armour         | 3 9 13 15 16 17 18 19 | 19.6
Shields        | 1 2 4 6 8 12 17 20 21 24 25 | 25.0
Axes           | 8 13 14 | 14.1
Evocations     | |  0.2

Action                   |  1- 3 |  4- 6 |  7- 9 | 10-12 | 13-15 | 16-18 | 19-21 || total
-------------------------+-------+-------+-------+-------+-------+-------+-------++-------
Melee: Mace              |    59 |    97 |   129 |       |       |       |       ||   285
       Headbutt          |     9 |    15 |    52 |    86 |   292 |   383 |   395 ||  1232
       Kick              |       |     8 |    66 |   142 |   134 |       |       ||   350
       War axe           |       |       |    70 |   409 |  1123 |  1287 |  1030 ||  3919
       Flail             |       |       |    27 |       |       |       |       ||    27
       Unarmed           |       |       |       |       |     1 |       |       ||     1
Invok: Berserk           |     1 |     2 |     3 |     2 |     4 |     3 |     2 ||    17
       Trog's Hand       |       |     2 |       |       |       |     1 |     1 ||     4
       Burn Spellbooks   |       |       |     1 |     1 |     5 |     4 |     4 ||    15
       Brothers in Arms  |       |       |       |     1 |     2 |     5 |     4 ||    12
Evoke: Wand              |       |       |       |       |     1 |       |       ||     1
  Use: Potion            |     3 |     1 |     4 |     6 |     4 |     5 |     5 ||    28
       Scroll            |       |       |    12 |     1 |    17 |    11 |    10 ||    51
 Stab: Sleeping          |     1 |       |       |       |       |       |       ||     1
       Distracted        |       |       |       |       |     1 |       |       ||     1
  Eat: Chunk             |     2 |     1 |    11 |    14 |    26 |    17 |     8 ||    79
       Bread ration      |     1 |       |     1 |     1 |       |       |       ||     3
       Meat ration       |       |     1 |       |     1 |     5 |     5 |     3 ||    15
       Fruit             |       |       |       |     2 |     3 |       |       ||     5
Armor: Animal skin       |    10 |     9 |       |       |       |       |       ||    19
       Ring mail         |       |    22 |    10 |       |       |       |       ||    32
       Plate armour      |       |       |    82 |   158 |   688 |   449 |   201 ||  1578
Dodge: Dodged            |    55 |    70 |    71 |   131 |   468 |   394 |   223 ||  1412
Block: Buckler           |       |     7 |    29 |    85 |   401 |   116 |       ||   638
       Reflection        |       |       |       |       |    16 |   165 |    88 ||   269
       Shield            |       |       |       |       |       |   191 |       ||   191
       Large shield      |       |       |       |       |       |  1089 |  1125 ||  2214
       Other             |       |       |       |       |       |     1 |       ||     1

Table legend:
 A = Spawn XP
 B = Non-spawn XP
 C = Spawn XP percentage of total XP
 D = Spawn monster count
 E = Non-spawn monster count
 F = Spawn count percentage of total count
 G = Total turns spent on level
                    A         B        C        D         E        F      G
               +---------+---------+-------+---------+---------+-------+---------
         Total |       0 |  638901 |   0.0 |       0 |    1619 |   0.0 | 46070
               +---------+---------+-------+---------+---------+-------+---------
           D:1 |       0 |      45 |   0.0 |       0 |      20 |   0.0 |  2127
           D:2 |       0 |     494 |   0.0 |       0 |      28 |   0.0 |   734
           D:3 |       0 |     191 |   0.0 |       0 |      23 |   0.0 |  1028
           D:4 |       0 |     352 |   0.0 |       0 |      15 |   0.0 |  1125
           D:5 |       0 |     900 |   0.0 |       0 |      18 |   0.0 |   957
           D:6 |       0 |     920 |   0.0 |       0 |      15 |   0.0 |  1069
           D:7 |       0 |    3384 |   0.0 |       0 |      40 |   0.0 |  1271
           D:8 |       0 |    3521 |   0.0 |       0 |      37 |   0.0 |   812
           D:9 |       0 |    3498 |   0.0 |       0 |      46 |   0.0 |   754
          D:10 |       0 |    4983 |   0.0 |       0 |      17 |   0.0 |   908
          D:11 |       0 |    5857 |   0.0 |       0 |      41 |   0.0 |   854
          D:12 |       0 |   15994 |   0.0 |       0 |      61 |   0.0 |   953
          D:13 |       0 |    8528 |   0.0 |       0 |      39 |   0.0 |   700
          D:14 |       0 |   18930 |   0.0 |       0 |      77 |   0.0 |  1615
          D:15 |       0 |   16632 |   0.0 |       0 |      45 |   0.0 |   670
        Lair:1 |       0 |    4480 |   0.0 |       0 |      20 |   0.0 |  1547
        Lair:2 |       0 |    9129 |   0.0 |       0 |      33 |   0.0 |  1950
        Lair:3 |       0 |    4279 |   0.0 |       0 |      19 |   0.0 |   692
        Lair:4 |       0 |    5637 |   0.0 |       0 |      17 |   0.0 |   920
        Lair:5 |       0 |    8047 |   0.0 |       0 |      20 |   0.0 |  2026
        Lair:6 |       0 |   23609 |   0.0 |       0 |      89 |   0.0 |  1598
       Swamp:1 |       0 |   15061 |   0.0 |       0 |      45 |   0.0 |   778
       Swamp:2 |       0 |   10694 |   0.0 |       0 |      19 |   0.0 |   712
       Swamp:3 |       0 |   17220 |   0.0 |       0 |      29 |   0.0 |   799
       Swamp:4 |       0 |   32278 |   0.0 |       0 |      71 |   0.0 |   843
       Snake:1 |       0 |   16107 |   0.0 |       0 |      34 |   0.0 |   998
       Snake:2 |       0 |   30267 |   0.0 |       0 |      48 |   0.0 |  1997
       Snake:3 |       0 |   21673 |   0.0 |       0 |      41 |   0.0 |  1870
       Snake:4 |       0 |   64865 |   0.0 |       0 |     103 |   0.0 |  2413
         Orc:1 |       0 |    6679 |   0.0 |       0 |      47 |   0.0 |  1729
         Orc:2 |       0 |    6516 |   0.0 |       0 |      59 |   0.0 |  1193
      Vaults:1 |       0 |   46828 |   0.0 |       0 |      90 |   0.0 |  2706
      Vaults:2 |       0 |   54565 |   0.0 |       0 |      86 |   0.0 |  1366
      Vaults:3 |       0 |   63975 |   0.0 |       0 |      88 |   0.0 |  1920
      Vaults:4 |       0 |   81723 |   0.0 |       0 |     106 |   0.0 |  1803
      Vaults:5 |       0 |   29789 |   0.0 |       0 |      29 |   0.0 |    66
       Volcano |       0 |    1251 |   0.0 |       0 |       4 |   0.0 |   552
               +---------+---------+-------+---------+---------+-------+---------
